 Dungeon Crawl Stone Soup version 0.17-a0-913-g36eb389 (webtiles) character file.

112 hornqvist the Shield-Bearer (level 5, -3/41 HPs)
             Began as a Formicid Fighter on May 3, 2015.
             Was an Initiate of Gozag.
             Killed from afar by an orc wizard (7 damage)
             ... with a puff of flame
             ... on level 4 of the Dungeon.
             The game lasted 00:02:20 (2231 turns).

hornqvist the Shield-Bearer (Formicid Fighter)      Turns: 2231, Time: 00:02:20

Health: -3/41      AC:  6    Str: 26    XL:     5   Next: 16%
Magic:  5/5        EV:  9    Int:  8    God:    Gozag
Gold:   220        SH: 10    Dex: 10    Spells: 0 memorised, 4 levels left

rFire  . . .     SeeInvis +     a - +0 war axe
rCold  . . .     Clarity  .     b - +0 scale mail
rNeg   . . .     SustAb   .     c - +0 shield
rPois  .         Gourm    .     (helmet unavailable)
rElec  .         Spirit   .     (no cloak)
rCorr  .         Warding  .     (no gloves)
rMut   .         Stasis   +     (no boots)
MR     .....                    (no amulet)
Stlth  ..........               (no ring)
                                (no ring)

@: mighty, not resistant to hostile enchantments, extremely unstealthy
A: permanent stasis, dig shafts and tunnels, four strong arms, antennae 3
a: Dig, Shaft Self, Potion Petition, Call Merchant, Bribe Branch, Renounce
Religion


You were on level 4 of the Dungeon.
You worshipped Gozag.
Gozag was noncommittal.
You were not hungry.

You visited 1 branch of the dungeon, and saw 4 of its levels.

You collected 229 gold pieces.
You paid 9 gold pieces to Gozag.

Inventory:

Hand weapons
 a - a +0 war axe (weapon)
Armour
 b - a +0 scale mail (worn)
 c - a +0 shield (worn)
Scrolls
 f - 5 scrolls of identify {unknown}
 g - 2 scrolls of blinking {unknown}
 h - 3 scrolls of remove curse {unknown}
 j - 2 scrolls of magic mapping {unknown}
 k - a scroll of recharging {unknown}
Potions
 m - a potion of poison {unknown}
 n - a potion of curing {unknown}
 o - a potion of heal wounds {unknown}
Comestibles
 e - 3 bread rations
 l - 2 meat rations


   Skills:
 - Level 3.2 Fighting
 * Level 3.6 Axes
 - Level 3.2 Armour
 + Level 1.6 Dodging
 + Level 4.7 Shields


You had 4 spell levels left.
You didn't know any spells.

Dungeon Overview and Level Annotations

Branches:
Dungeon (4/15)
 Temple: D:4-7

Altars:
Gozag

Annotations:
D:3 hornqvist's ghost, average FoFi


Innate Abilities, Weirdness & Mutations

You are under a permanent stasis effect.
You can dig through walls and to a lower floor.
Your four strong arms can wield two-handed weapons with a shield.
You have a pair of large antennae on your head (SInv).


Message History

The phantom hits you but does no damage.
Something hits you but does no damage.
The phantom blinks!
You hit something.
You feel less woody.
Your +0 scale mail unmelds from your body.
The orc wizard hits you with a dagger.
* * * LOW HITPOINT WARNING * * *
The phantom blinks!
The orc wizard hits you but does no damage.
You now have 4/41 hp.
You hit the orc wizard but do no damage.
The orc wizard hits you but does no damage.
You barely miss the orc wizard.
The orc wizard hits you but does no damage.
You block the orc wizard's attack.
You closely miss the orc wizard. The orc wizard casts a spell at you.
The puff of flame hits you!
You die...
Your body crumbles into a pile of gold.

#####
#...+
...#
######.#
##.....<#
#..$.>..#
#..W@...+
#..o###+#
##.. #..
... ##..
$ #.. #..
.


You could see a phantom and an orc wizard (invisible).

Vanquished Creatures
  An orc wizard (D:4)
  2 adders
  2 worms (D:2)
  A giant gecko (D:2)
  4 orcs
  10 bats
  A giant cockroach (D:2)
  7 hobgoblins
  A quokka (D:3)
  A ball python (D:1)
  3 giant newts
  8 goblins
  4 jackals (D:2)
  5 kobolds
  5 rats
55 creatures vanquished.

Notes
Turn   | Place    | Note
--------------------------------------------------------------
     0 | D:1      | hornqvist, the Formicid Fighter, began the quest for the Orb.
     0 | D:1      | Reached XP level 1. HP: 18/18 MP: 1/1
   316 | D:1      | Reached XP level 2. HP: 22/24 MP: 2/2
   722 | D:2      | Reached skill level 4 in Shields
   777 | D:2      | Reached XP level 3. HP: 22/29 MP: 3/3
   939 | D:2      | Found an opulent altar of Gozag.
   955 | D:2      | Became a worshipper of Gozag Ym Sagoz the Greedy
  1105 | D:2      | Reached skill level 1 in Dodging
  1393 | D:2      | Reached XP level 4. HP: 30/35 MP: 4/4
  2174 | D:3      | Noticed hornqvist's ghost (average FoFi)
  2200 | D:4      | Noticed a phantom
  2219 | D:4      | Reached XP level 5. HP: 7/41 MP: 5/5
  2231 | D:4      | Killed from afar by an orc wizard

Action                   |  1- 3 |  4- 6 || total
-------------------------+-------+-------++-------
Melee: War axe           |   133 |    92 ||   225
  Use: Potion            |       |     2 ||     2
  Eat: Chunk             |     1 |       ||     1
       Bread ration      |       |     1 ||     1
